 Dungeon Crawl Stone Soup version 0.22-a0-86-g94e0ad4 (webtiles) character file.

530 KristoblXynda the Ruffian (level 7, -1/52 HPs)
             Began as a White Draconian Transmuter on Jan 21, 2018.
             Killed from afar by an orc wizard (5 damage)
             ... with a magic dart
             ... on level 4 of the Dungeon.
             The game lasted 00:06:20 (3250 turns).

KristoblXynda the Ruffian (DrTm)                    Turns: 3250, Time: 00:06:22

Health: -1/52      AC:  2    Str: 13    XL:     7   Next: 3%
Magic:  16/19      EV: 20    Int: 14    God:
Gold:   240        SH:  0    Dex: 17    Spells: 6/10 levels left

rFire    . . .     SeeInvis .     - Unarmed
rCold    . . .     Gourm    .   (shield currently unavailable)
rNeg     . . .     Faith    .   (armour unavailable)
rPois    x         Spirit   .   (helmet currently unavailable)
rElec    .         Reflect  .   (cloak currently unavailable)
rCorr    .         Harm     .   (gloves currently unavailable)
MR       .....                  (boots currently unavailable)
Stlth    ++........             (no amulet)
HPRegen  0.17/turn              p - ring of magical power
MPRegen  0.16/turn              (no ring)

@: spider-form
A: tiny, (breathe frost), unfitting armour, AC +6
a: End Transformation


You were on level 4 of the Dungeon.
You were not hungry.
You were a venomous arachnid creature.
You visited 1 branch of the dungeon, and saw 4 of its levels.

You collected 240 gold pieces.

Inventory:

Armour
 l - a +0 pair of boots (melded)
 m - a +0 cloak (melded)
Jewellery
 a - an uncursed ring of protection from cold {unknown}
 p - a ring of magical power (left front leg)
Wands
 t - a wand of random effects (22)
Scrolls
 d - a scroll of blinking {unknown}
 e - a scroll of fog
 g - a scroll of teleportation {unknown}
 h - a scroll of enchant weapon {unknown}
 i - a scroll of enchant armour {unknown}
 j - a scroll of immolation {unknown}
 o - a scroll of amnesia {unknown}
 u - a scroll of remove curse {unknown}
Potions
 f - a potion of flight {unknown}
 n - 2 potions of might
 q - a potion of degeneration {unknown}
 r - 2 potions of magic {unknown}
 s - 3 potions of heal wounds {unknown}
Books
 b - a book of Changes

   Spells                             Type                      Level
   a - Beastly Appendage              Transmutation                1
   b - Sticks to Snakes               Transmutation                2
   c - Spider Form                    Transmutation/Poison         3
   d - Ice Form                       Ice/Transmutation            4
   e - Blade Hands                    Transmutation                5
Comestibles
 c - 6 rations


   Skills:
 - Level 1.1 Fighting
 - Level 2.1 Dodging
 * Level 6.4 Unarmed Combat
 - Level 2.0 Spellcasting
 + Level 4.5 Transmutations
 + Level 1.5 Poison Magic


You had 6 spell levels left.
You knew the following spells:

 Your Spells              Type           Power        Failure   Level  Hunger
a - Beastly Appendage     Tmut           ##....       12%         1    ##.....
b - Spider Form           Tmut/Pois      #.........   41%         3    ####...


Dungeon Overview and Level Annotations

Branches:
Dungeon (4/15)             Temple (0/1) D:4

Altars:
Dithmenos
Wu Jian

Shops:
D:4 (


Innate Abilities, Weirdness & Mutations

((You can breathe waves of freezing cold.))
((You can buffet flying creatures when you breathe cold.))
((Your icy white scales are hard. (AC +6)))
You cannot fit into any form of body armour.
((Your flesh is cold resistant. (rC+)))
((You are cold-blooded and may be slowed by cold attacks.))


Message History

The orc wizard hits you with a falchion.
The orc barely misses you. The orc priest closely misses you.
You completely miss the orc wizard.
You kill the orc priest!
You have reached level 7!
Your scales start taking on an icy white colour.
You learn Fire Magic much slower.
You learn Ice Magic much quicker.
You can breathe waves of freezing cold.
You can buffet flying creatures when you breathe cold.
You feel resistant to cold.
The orc wizard points at you and mumbles some strange words.
The magic dart hits you! The orc hits you with a dagger.
* * * LOW HITPOINT WARNING * * *
You bite the orc!
You kill the orc!
The orc wizard zaps a wand.
The puff of flame hits you!
* * * LOW HITPOINT WARNING * * *
The orc wizard points at you and mumbles some strange words.
The magic dart hits you!
You die...

...........# . ##.#.#+######..
..>...≈ ##.#........... .....(≈
##.#........... ......≈
##.#..........# .....#≈
##.#.#'######.# ≈≈≈≈≈≈≈ ##.#.#.#
## #.###.....## ###
##.#.#.#...##....)...... ####..
##.#.#.#.#.##..os....... #.....
...#.#.#.#.##...)....... #...P.
####.#.#.#.##..$........####.P∩..
#.#.#.....................PP..
#.#.#.........######..........
####.#.#.........# #..........
...#.#.#.#'####### #..........
...#.#.# #.# #..........
...#.#.###.############..........


You could see an orc wizard.

Vanquished Creatures
  Grinder (D:3)
  A scorpion (D:4)
  A howler monkey (D:3)
  A centaur skeleton (D:4)
  An orc priest (D:4)
  Ijyb (D:2)
  2 worker ants
  3 adders
  2 oozes
  A worm (D:2)
  2 dart slugs (D:1)
  3 leopard geckos (D:2)
  4 orcs (D:4)
  3 giant cockroaches (D:2)
  10 goblins
  11 hobgoblins
  3 jackals (D:4)
  7 kobolds
  A quokka (D:2)
  2 ball pythons
  5 bats
  5 frilled lizards
  A leopard gecko skeleton (D:4)
  7 rats
78 creatures vanquished.

Notes
Turn   | Place    | Note
-------+----------+-------------------------------------------
     0 | D:1      | KristoblXynda the Draconian Transmuter began the quest for the Orb.
     0 | D:1      | Reached XP level 1. HP: 16/16 MP: 3/3
   107 | D:1      | Reached XP level 2. HP: 13/23 MP: 5/5
   501 | D:1      | Reached XP level 3. HP: 28/28 MP: 6/6
   811 | D:2      | Learned a level 3 spell: Spider Form
   878 | D:2      | Reached skill level 4 in Unarmed Combat
   943 | D:2      | Found an ornate altar of the Wu Jian Council.
  1100 | D:2      | Reached XP level 4. HP: 22/35 MP: 7/7
  1912 | D:3      | Found a shadowy altar of Dithmenos.
  2069 | D:3      | Noticed Ijyb
  2098 | D:2      | Killed Ijyb
  2098 | D:2      | Reached XP level 5. HP: 15/40 MP: 1/8
  2328 | D:3      | Noticed Grinder
  2331 | D:3      | Paralysed by Grinder for 2 turns
  2338 | D:3      | Paralysed by Grinder for 5 turns
  2347 | D:3      | Killed Grinder
  2347 | D:3      | Reached skill level 5 in Unarmed Combat
  2347 | D:3      | Reached XP level 6. HP: 32/47 MP: 9/9
  2530 | D:4      | Reached skill level 6 in Unarmed Combat
  3024 | D:4      | Reached skill level 1 in Poison Magic
  3079 | D:4      | Found Tekoabbe's Antique Weapon Shoppe.
  3113 | D:4      | Found Fuzim's Antique Armour Emporium.
  3246 | D:4      | Found a staircase to the Ecumenical Temple.
  3249 | D:4      | Your scales start taking on an icy white colour.
  3249 | D:4      | Reached XP level 7. HP: 24/52 MP: 10/10
  3249 | D:4      | Gained mutation: Your flesh is cold resistant. (rC+) [White Draconian growth]
  3250 | D:4      | Killed from afar by an orc wizard

Vault maps used:
D:1:      dpeg_arrival_houses_and_road, minmay_shallow_snake_nest
D:2:      overflow_temple_1_default, first_ration, nrook_mini_vaults
D:3:      grunt_dithmenos_smoke, uniq_grinder, uniq_ijyb
D:4:      minmay_temple_entry_water_ring, serial_shops, shop,
          nicolae_shop_overgrown_old_shop, kennysheep_generic_room_6

Skill      XL: |  1  2  3  4  5  6 |
---------------+-------------------+-----
Dodging        | 2 |  2.1
Unarmed Combat | 4 5 6 |  6.4
Transmutations | 3 4 |  4.5
Poison Magic   | 1 |  1.5
Fighting       | |  1.1
Spellcasting   | |  2.0

Action                   |  1- 3 |  4- 6 |  7- 9 || total
-------------------------+-------+-------+-------++-------
Melee: Unarmed           |   157 |   151 |     1 ||   309
       Tailslap          |    11 |    14 |       ||    25
       Headbutt          |     2 |       |       ||     2
       Punch             |       |     3 |       ||     3
 Cast: Beastly Appendage |     1 |       |       ||     1
       Spider Form       |       |     5 |       ||     5
  Use: Scroll            |       |     7 |       ||     7
       Potion            |       |     3 |       ||     3
 Stab: Sleeping          |     1 |       |       ||     1
  Eat: Chunk             |       |     4 |       ||     4
       Ration            |       |     2 |       ||     2
Armor: Skin              |    33 |    56 |       ||    89
Dodge: Dodged            |    96 |   119 |       ||   215

Table legend:
 A = Spawn XP
 B = Non-spawn XP
 C = Spawn XP percentage of total XP
 D = Spawn monster count
 E = Non-spawn monster count
 F = Spawn count percentage of total count
 G = Total turns spent on level
                    A         B        C        D         E        F      G
               +---------+---------+-------+---------+---------+-------+---------
         Total |       0 |     758 |   0.0 |       0 |      78 |   0.0 |  3250
               +---------+---------+-------+---------+---------+-------+---------
           D:1 |       0 |      49 |   0.0 |       0 |      23 |   0.0 |   657
           D:2 |       0 |      97 |   0.0 |       0 |      32 |   0.0 |   950
           D:3 |       0 |     383 |   0.0 |       0 |       9 |   0.0 |  1140
           D:4 |       0 |     229 |   0.0 |       0 |      14 |   0.0 |   503
               +---------+---------+-------+---------+---------+-------+---------
